 Dungeon Crawl Stone Soup version 0.30-a0-972-gf3ab3527aa (webtiles) character file.

Game seed: 14994262442240165780

136992 Shard1697 the Bludgeoner (level 16, 0/159 HPs)
             Began as an Armataur Fighter on Apr 1, 2023.
             Was a High Priest of Okawaru.
             Succumbed to a green very ugly thing's poison
             ... on level 3 of the Abyss.
             The game lasted 00:40:39 (23325 turns).

Shard1697 the Bludgeoner (Armataur Fighter)        Turns: 23325, Time: 00:40:39

Health: 0/159      AC: 27    Str: 26 (27) XL:     16   Next: 68%
Magic:  21/21      EV:  8    Int: 12      God:    Okawaru [*****.]
Gold:   3654       SH: 12    Dex: 10      Spells: 15/15 levels left

rFire   + + +      SeeInvis .    a - +6 eveningstar "Raphist" {spect, Int+3 Stlth+}
rCold   + + +      Faith    .    P - +0 kite shield "Kuczy" {Contam rC+++}
rNeg    + . .      Spirit   .    n - +4 chain mail {rF+}
rPois   .          Reflect  .    z - +2 helmet
rElec   .          Roll     +    (no cloak)
rCorr   .                        R - +0 pair of gloves
Will    +....                    (no barding) Stlth
                                 M - amulet of Sif Muna's Respect {Acrobat rF++ rN+ Regen+ Dex-2}
HPRegen 0.00/turn                y - +4 ring of protection
MPRegen 0.17/turn                w - +4 ring of protection

@: lethally poisoned (0 -> -24), sick, unable to drink
A: large, rugged brown scales 3, deformed body, armoured tail, roll, long
tongue, awkward tongue, low MP 1, [deterioration 1], ([teleportitis 2]),
[subdued magic 1], [inability to drink after injury 2]
a: Renounce Religion, Heroism, Finesse, Duel


You were on level 3 of the Abyss.
You worshipped Okawaru.
Okawaru was extremely pleased with you.
You visited 4 branches of the dungeon, and saw 23 of its levels.
You visited the Abyss 1 time.
You also visited: Bailey, Gauntlet and Ice Cave.

You collected 3990 gold pieces.
You spent 336 gold pieces at shops.

Inventory:

Hand Weapons
 a - the +6 eveningstar "Raphist" (weapon) {spect, Int+3 Stlth+}
   (Okawaru gifted it to you on level 15 of the Dungeon)

   Int:       It affects your intelligence (+3).
   Stlth:     It makes you more stealthy.
 b - a +0 broad axe
 l - a +0 morningstar
Missiles
 N - 8 javelins (quivered)
 X - 4 silver javelins
Armour
 n - a +4 chain mail of fire resistance (worn)
 z - a +2 helmet (worn)
 P - the +0 kite shield "Kuczy" (worn) {Contam rC+++}
   (Okawaru gifted it to you on level 11 of the Dungeon)

   rC:        It renders you almost immune to cold.
   Contam:    It causes magical contamination when unequipped.
 Q - a +1 chain mail of poison resistance
 R - a +0 pair of gloves (worn)
Jewellery
 w - a +4 ring of protection (right hand)
 y - a +4 ring of protection (left hand)
 E - a ring of resist corrosion
 G - a ring of poison resistance
 I - a ring of willpower
 L - a +4 ring of protection
 M - the amulet of Sif Muna's Respect (around neck) {Acrobat rF++ rN+ Regen+ Dex-2}
   (You found it on level 10 of the Dungeon)

   [amulet of the acrobat]

   It increases your evasion while moving and waiting.
   Dex:       It affects your dexterity (-2).
   rF:        It greatly protects you from fire.
   rN:        It protects you from negative energy.
   Regen:     It increases your rate of health regeneration.
Wands
 g - a wand of digging (4)
 i - a wand of roots (12)
 m - a wand of flame (25)
 x - a wand of light (17)
 Z - a wand of charming (5)
Scrolls
 c - 9 scrolls of identify
 e - 4 scrolls of blinking
 j - a scroll of amnesia
 o - 2 scrolls of fear
 u - 10 scrolls of teleportation
 C - 4 scrolls of fog
 D - a scroll of magic mapping
 K - 2 scrolls of brand weapon
 S - a scroll of silence
 T - 2 scrolls of enchant weapon
 U - a scroll of poison
 W - 3 scrolls of enchant armour
Potions
 d - 8 potions of might
 f - 4 potions of lignification
 k - 3 potions of attraction
 p - 5 potions of mutation
 r - a potion of heal wounds
 s - 3 potions of resistance
 t - a potion of ambrosia
 v - 4 potions of magic
 A - 7 potions of curing
 F - a potion of berserk rage
 H - 4 potions of brilliance
 J - 2 potions of haste
 O - 3 potions of flight
 V - 2 potions of cancellation
Miscellaneous
 h - a box of beasts


   Skills:
 + Level 15.1 Fighting
 + Level 15.7 Maces & Flails
 + Level 5.4 Throwing
 - Level 10.3 Armour
 + Level 8.2 Dodging
 + Level 14.1 Shields
 - Level 10.0 Invocations


You had 15 spell levels left.
You didn't know any spells.
Your spell library contained the following spells:

 Spells                   Type           Power      Damage    Failure   Level
 Apportation              Tloc           0%         N/A       92%         1
 Freeze                   Ice            0%         1d3       92%         1
 Shock                    Conj/Air       0%         1d3       92%         1
 Sting                    Tmut/Pois      0%         1d3       92%         1
 Blink                    Tloc           0%         N/A       98%         2
 Poisonous Vapours        Pois/Air       0%         N/A       98%         2
 Static Discharge         Conj/Air       0%         2-2/arc   98%         2
 Sublimation of Blood     Necr           0%         N/A       98%         2
 Dazzling Flash           Conj/Hex       0%         N/A       100%        3
 Frozen Ramparts          Ice            0%         1d1       100%        3
 Hailstorm                Conj/Ice       0%         3d3       100%        3
 Kindle Blastsparks       Fire/Tloc/Air  0%         2d10      100%        3
 Ozocubu's Armour         Ice            0%         N/A       100%        3
 Swiftness                Air            0%         N/A       100%        3
 Vampiric Draining        Necr           0%         2d6       100%        3
 Vhi's Electric Charge    Tloc/Air       0%         N/A       100%        3
 Airstrike                Air            0%         2d(0-16)  100%        4
 Flame Wave               Conj/Fire      0%         2d4       100%        4
 Iskenderun's Mystic Bla  Conj/Tloc      0%         2d3       100%        4
 Olgreb's Toxic Radiance  Pois           0%         N/A       100%        4
 Petrify                  Tmut/Erth      0%         N/A       100%        4
 Alistair's Intoxication  Tmut/Pois      0%         N/A       100%        5
 Arcjolt                  Conj/Air       0%         1d10      100%        5
 Freezing Cloud           Conj/Ice/Air   0%         6-21      100%        5
 Irradiate                Conj/Tmut      0%         3d11      100%        5
 Metabolic Englaciation   Hex/Ice        0%         N/A       100%        5
 Plasma Beam              Fire/Air       0%         2x1d7     100%        5
 Eringya's Noxious Bog    Tmut/Pois      0%         N/A       100%        6
 Starburst                Conj/Fire      0%         6d3       100%        6
 Orb of Destruction       Conj           0%         9d5       100%        7
 Necromutation            Tmut/Necr      0%         N/A       100%        8
 Polar Vortex             Ice            0%         N/A       100%        9
 Summon Guardian Golem    Hex/Summ       Unusable   N/A       N/A         3
 Summon Forest            Summ/Tloc      Unusable   N/A       N/A         5
 Simulacrum               Ice/Necr       Unusable   N/A       N/A         6
 Haunt                    Necr/Summ      Unusable   N/A       N/A         7
 Spellforged Servitor     Conj/Summ      Unusable   N/A       N/A         7
 Summon Hydra             Summ           Unusable   N/A       N/A         7
 Infestation              Necr           Unusable   N/A       N/A         8

Dungeon Overview and Level Annotations

Branches:
Dungeon (15/15)            Temple (1/1) D:4            Lair (5/5) D:8
 Shoals (0/4) Lair:2        Snake (0/4) Lair:2        Slime (0/5) Lair:4
    Orc (2/2) D:10            Elf (0/3) Orc:2        Vaults (0/5) D:14
 Depths (0/4) D:15         Bailey (visited)           IceCv (visited)
Gauntlet (visited)

Altars:
Ashenzari
Cheibriados
Dithmenos
Elyvilon
Fedhas
Gozag
Hepliaklqana
Kikubaaqudgha
Makhleb
Nemelex Xobeh
Okawaru
Qazlal
Ru
Trog
Uskayaw
Vehumet
Wu Jian
Xom
Yredelemnul
Zin
The Shining One
Jiyva
Lugonu

Shops:
D:1 (   Orc:2 **==

Annotations:
D:5 1 runed translucent door
D:15 Louise


Innate Abilities, Weirdness & Mutations

You are completely covered in rugged brown scales. (AC +3, +7% HP)
Armour fits poorly on your strangely shaped body.
You have a long armoured tail.
You roll when moving toward enemies. (Rampage)
Your long tongue fully drains potion bottles. (2x potion effects)
Your tongue gives you trouble enunciating. (1.5x scroll delay)
Your magical capacity is low. (-10% MP)
[Your body sometimes deteriorates upon taking damage.]
[((You are often teleported next to monsters.))]
[Your spells are a little easier to cast, but a little less powerful.]
[You sometimes lose the ability to drink potions when taking damage.]


Message History

The green very ugly thing barely misses you.
A shadow comes into view.
You feel extremely sick.
You hammer the green very ugly thing like a gong!!!
You tail-slap the green very ugly thing, but do no damage.
The green very ugly thing is moderately wounded.
Your +6 eveningstar "Raphist" {spect, Int+3 Stlth+} hits the green very ugly thing!!
* * * LOW HITPOINT WARNING * * *
You feel extremely sick.
The green very ugly thing stings your +6 eveningstar "Raphist" {spect, Int+3 Stlth+}!
Your spectral weapon shares its damage with you!
* * * LOW HITPOINT WARNING * * *
You catch the helpless green very ugly thing completely off-guard!
You sock the green very ugly thing!
The green very ugly thing is severely wounded.
Your +6 eveningstar "Raphist" {spect, Int+3 Stlth+} hits the green very ugly thing!
* * * LOW HITPOINT WARNING * * *
You feel extremely sick.
The shadow barely misses your +6 eveningstar "Raphist" {spect, Int+3 Stlth+}.
You cannot drink potions in your current state!
Unknown command.
* * * LOW HITPOINT WARNING * * *
You feel extremely sick. You block the shadow's attack.
Okay, then.
The green very ugly thing attacks as you move away!
The green very ugly thing barely misses you.
* * * LOW HITPOINT WARNING * * *
You feel extremely sick.
You block the green very ugly thing's attack.
You cannot drink potions in your current state!
You cannot drink potions in your current state!
You impale the green very ugly thing!!
The green very ugly thing is almost dead.
* * * LOW HITPOINT WARNING * * *
You feel very sick.
You puncture the green very ugly thing!
You kill the green very ugly thing!
Okawaru accepts your kill.
You die...

∆ ∆ ### # .. #
#. .† ####
.... # ###..##
....##
#@.W#..##....#
###.##......#
##.##. .# .
.##.# # .# ..
.##.#. #..#...
. . . ...


You could see a shadow.

Vanquished Creatures
  An Executioner (Abyss:3)
  Agnes (D:14)
  An orc warlord (Orc:1)
  6 very ugly things
  A reaper (IceCv)
  The ghost of Ricoe the Cleaver, a journeyman FoFi of Okawaru (D:14)
  2 minotaurs
  Nessos (D:13)
  A minotaur (shapeshifter) (D:14)
  The ghost of olddryhag the Destroyer, a journeyman DrCj of Vehumet (Lair:1)
  An eidolon (Abyss:3)
  8 hydras
  2 centaur warriors
  A two-headed ogre (D:11)
  5 catoblepae
  6 death yaks (Lair:5)
  A boulder beetle (D:14)
  A vampire mage (D:15)
  A tengu warrior (D:13)
  6 orc high priests
  A fire crab (Orc:1)
  Nergalle (Lair:1)
  A shadow wraith (Abyss:3)
  12 skeletal warriors
  2 skysharks
  A wretched star (Abyss:3)
  A golden dragon zombie (D:15)
  A deep troll (shapeshifter) (D:14)
  A necromancer (D:15)
  A wizard (Gauntlet)
  Pikel (D:7)
  An orc knight (Bailey)
  8 manticores
  A frost giant zombie (D:15)
  4 ugly things
  2 deep elf pyromancers (D:14)
  2 oklob plants (Lair:4)
  10 cyclopes
  4 orc sorcerers
  A worldbinder (Gauntlet)
  9 elephants
  A moth of wrath (shapeshifter) (D:14)
  A frost giant skeleton (D:15)
  A black mamba (shapeshifter) (D:14)
  5 black mambas
  A smoke demon (Abyss:3)
  2 ice statues (IceCv)
  2 torpor snails (Lair:5)
  A gargoyle (Gauntlet)
  An efreet (Abyss:3)
  13 cane toads
  2 unseen horrors
  Psyche (D:8)
  3 rime drakes (Lair:5)
  6 ice devils (IceCv)
  3 komodo dragons
  An ancient zyme (Abyss:3)
  A polar bear (Lair:4)
  A meliai (shapeshifter) (D:14)
  6 trolls
  A hornet (D:10)
  5 raiju
  22 blink frogs
  11 dream sheep
  A raiju (shapeshifter) (D:10)
  15 slime creatures
  5 flying skulls (Abyss:3)
  7 wyverns
  A ynoxinul (Abyss:3)
  3 shadows
  2 wraiths
  56 yaks
  2 fire bats (Abyss:3)
  A basilisk (D:13)
  7 small abominations
  2 neqoxecs (Abyss:3)
  A steam dragon (D:8)
  11 vampire mosquitoes
  4 death yak simulacra (IceCv)
  A warg (shapeshifter) (Orc:1)
  A warg (Orc:2)
  A harpy simulacrum (IceCv)
  A naga (Lair:2)
  Duvessa (D:5)
  13 water moccasins
  7 large abominations
  3 acid dragons
  31 orc warriors
  A sky beast (D:4)
  3 ice beasts
  39 wolves
  A boggart (Gauntlet)
  9 ogres
  3 centaurs
  2 phantoms
  4 kobold brigands
  9 bullfrogs
  A gnoll sergeant (D:5)
  2 scorpions
  2 cane toad simulacra (IceCv)
  2 two-headed ogre simulacra (IceCv)
  16 wights
  Dowan (D:5)
  2 elephant simulacra (Orc:2)
  16 killer bees
  8 electric eels
  5 howler monkeys
  4 hounds
  26 orc priests
  2 jellies
  2 iguanas
  2 sleepcaps
  28 orc wizards
  4 spriggan simulacra
  5 troll simulacra
  A polar bear simulacrum (IceCv)
  2 killer bee zombies (D:7)
  A wolf simulacrum (IceCv)
  A howler monkey zombie (D:7)
  9 gnolls
  9 adders
  4 naga simulacra
  2 shadow imps (Gauntlet)
  4 white imps
  3 ufetubi
  4 worms
  3 dart slugs
  60 orcs
  12 ball pythons
  3 bats
  9 endoplasms
  3 giant cockroaches
  18 goblins
  9 hobgoblins
  3 jackals (D:4)
  24 kobolds
  4 quokkas
  3 frilled lizards
  5 rats
776 creatures vanquished.

Vanquished Creatures (others)
  An orc wizard (D:13)
  An orc (Orc:1)
  14 demonic plants (Gauntlet)
  8 fungi
  56 plants
  2 starspawn tentacles (Abyss:3)
82 creatures vanquished.

Grand Total: 858 creatures vanquished

Notes
Turn   | Place    | Note
-------+----------+-------------------------------------------
     0 | D:1      | Shard1697 the Armataur Fighter began the quest for the Orb.
     0 | D:1      | Reached XP level 1. HP: 19/19 MP: 1/1
   112 | D:1      | Reached XP level 2. HP: 25/26 MP: 2/2
   588 | D:1      | Found Buxkawes's Antique Weapon Emporium.
   732 | D:2      | Reached XP level 3. HP: 31/32 MP: 3/3
  1196 | D:2      | Found a faded altar of an unknown god.
  1528 | D:3      | Reached XP level 4. HP: 39/39 MP: 4/4
  2259 | D:4      | Found a shadowy altar of Dithmenos.
  2323 | D:4      | Found a staircase to the Ecumenical Temple.
  2344 | Temple   | Entered the Ecumenical Temple
  2365 | Temple   | Became a worshipper of Warmaster Okawaru
  2456 | D:4      | Reached XP level 5. HP: 44/44 MP: 5/5
  2563 | D:4      | Noticed a wyvern
  2563 | D:4      | Noticed a sky beast
  2578 | D:4      | Killed a sky beast
  2579 | D:4      | Reached skill level 5 in Maces & Flails
  2589 | D:4      | Reached * piety under Okawaru
  2590 | D:4      | Reached XP level 6. HP: 33/53 MP: 6/6
  2595 | D:4      | Killed a wyvern
  2886 | D:5      | Entered Level 5 of the Dungeon
  2936 | D:5      | Reached XP level 7. HP: 64/64 MP: 7/7
  2970 | D:5      | Reached skill level 1 in Invocations
  3099 | D:5      | Noticed Dowan
  3100 | D:5      | Noticed Duvessa
  3146 | D:5      | Killed Duvessa
  3176 | D:5      | Killed Dowan
  3177 | D:5      | Reached skill level 5 in Fighting
  3225 | D:5      | Found a runed translucent door.
  3225 | D:5      | Noticed a human
  3228 | D:5      | Found a basalt altar of Yredelemnul.
  3658 | D:5      | Reached XP level 8. HP: 44/72 MP: 10/10
  4024 | D:6      | Reached ** piety under Okawaru
  4149 | D:6      | Found a hazy altar of Hepliaklqana.
  4651 | D:7      | Found a shimmering altar of Xom.
  4672 | D:7      | Reached XP level 9. HP: 59/83 MP: 12/12
  5141 | D:7      | Noticed Pikel
  5164 | D:7      | Killed Pikel
  5165 | D:7      | Reached skill level 10 in Maces & Flails
  5165 | D:7      | Reached skill level 5 in Shields
  5165 | D:7      | Reached skill level 5 in Invocations
  5225 | D:7      | Reached *** piety under Okawaru
  5547 | D:8      | Found a bloodstained altar of Trog.
  5632 | D:8      | Noticed Psyche
  5697 | D:8      | Killed Psyche
  5704 | D:8      | Found a staircase to the Lair.
  5768 | D:8      | Found a glowing golden altar of the Shining One.
  5969 | D:8      | Reached XP level 10. HP: 87/94 MP: 14/14
  6029 | D:8      | Reached **** piety under Okawaru
  6449 | D:9      | Found an ancient bone altar of Kikubaaqudgha.
  6451 | D:9      | Identified the +4 spear of Rakkuffa {venom, rElec SInv}
  6456 | D:9      | Found a snail-covered altar of Cheibriados.
  6459 | D:9      | Found a broken altar of Ashenzari.
  6459 | D:9      | Found a sparkling altar of Nemelex Xobeh.
  6472 | D:9      | Found a blossoming altar of Fedhas.
  6739 | D:9      | Identified the +1 robe "Wyhusios" {rPois Dex+4}
  6836 | D:9      | Found a hide-covered altar of Uskayaw.
  7028 | D:10     | Entered Level 10 of the Dungeon
  7034 | D:10     | Received a gift from Okawaru
  7110 | D:10     | Found a staircase to the Orcish Mines.
  7213 | D:10     | Found a radiant altar of Vehumet.
  7230 | D:10     | Found a stormy altar of Qazlal.
  7231 | D:10     | Noticed an elephant
  7237 | D:10     | Reached skill level 5 in Armour
  7240 | D:10     | Reached ***** piety under Okawaru
  7250 | D:10     | Killed an elephant
  7261 | D:10     | Reached XP level 11. HP: 74/103 MP: 14/16
  7303 | D:10     | an elephant changed into a glowing shapeshifter
  7303 | D:10     | Noticed a glowing shapeshifter (glowing shapeshifter)
  7303 | D:10     | a glowing shapeshifter changed into an elephant
  7305 | D:10     | an elephant changed into a fire crab
  7305 | D:10     | Noticed a fire crab (glowing shapeshifter)
  7308 | D:10     | a fire crab changed into a raiju
  7545 | D:10     | Paralysed by a hornet for 3 turns
  7634 | D:10     | Found a flagged portal.
  7644 | Bailey   | Entered a bailey
  7669 | Bailey   | Noticed an orc knight
  7679 | Bailey   | Killed an orc knight
  7720 | Bailey   | Noticed an orc sorcerer
  7737 | Bailey   | Noticed a sixfirhy
  7740 | Bailey   | Killed an orc sorcerer
  7831 | Bailey   | Found an iron altar of Okawaru.
  7831 | Bailey   | Noticed an orc high priest
  7849 | Bailey   | Killed an orc high priest
  7850 | Bailey   | Reached skill level 10 in Fighting
  7865 | Bailey   | Identified the +2 leather armour "Suith" {Rampage Regen+}
  7881 | Bailey   | Reached XP level 12. HP: 118/118 MP: 16/18
  7881 | Bailey   | Reached XP level 13. HP: 125/125 MP: 16/19
  8585 | D:10     | Identified the amulet of Sif Muna's Respect {Acrobat rF++
                  | rN+ Regen+ Dex-2}
  8992 | D:11     | Identified the +0 kite shield "Kuczy" {Contam rC+++}
                  | (Okawaru gifted it to you on level 11 of the Dungeon)
  8992 | D:11     | Received a gift from Okawaru
  9814 | Orc:1    | Entered Level 1 of the Orcish Mines
  9904 | Orc:1    | Noticed an orc warlord
  9945 | Orc:1    | Killed an orc warlord
 10472 | Orc:2    | Entered Level 2 of the Orcish Mines
 10710 | Orc:2    | Reached skill level 10 in Shields
 10734 | Orc:2    | Found a frozen archway.
 10767 | Orc:1    | Reached XP level 14. HP: 23/135 MP: 18/21
 10889 | IceCv    | Entered an ice cave
 11223 | IceCv    | Noticed a reaper
 11237 | IceCv    | Killed a reaper
 11357 | Orc:2    | Reached skill level 10 in Armour
 11408 | Orc:2    | Found a staircase to the Elven Halls.
 11537 | Orc:2    | Gained mutation: Your magical capacity is low. (-10% MP) [a
                  | neqoxec]
 11677 | Orc:2    | Found Tunkitz's Assorted Antiques.
 11677 | Orc:2    | Found Oboun's Jewellery Emporium.
 11678 | Orc:2    | Found Fuhom's Jewellery Emporium.
 11686 | Orc:2    | Found Zidwigau's General Store.
 11696 | Orc:2    | Bought a ring of poison resistance for 240 gold pieces
 11701 | Orc:2    | Bought a potion of curing for 96 gold pieces
 12032 | Lair:1   | Entered Level 1 of the Lair of Beasts
 12312 | Lair:1   | Noticed Nergalle
 12343 | Lair:1   | Killed Nergalle
 12344 | Lair:1   | Reached skill level 10 in Invocations
 12448 | Lair:1   | Noticed olddryhag's ghost (journeyman DrCj)
 12476 | Lair:1   | Found a runed translucent gate.
 12476 | Lair:1   | Found a runed translucent gate.
 12476 | Lair:1   | Found a runed translucent gate.
 12504 | Lair:1   | Reached skill level 1 in Dodging
 12586 | Lair:1   | Killed olddryhag's ghost
 12702 | Lair:1   | Acquired 1115 gold pieces
 13579 | Lair:2   | Got the Omnibus of the Dead and the Jaunt
 14050 | Lair:2   | Found a staircase to the Snake Pit.
 14207 | Lair:2   | Found a staircase to the Shoals.
 15203 | Lair:3   | Received a gift from Okawaru
 15245 | Lair:3   | Reached skill level 15 in Maces & Flails
 15673 | Lair:4   | Reached XP level 15. HP: 110/146 MP: 20/20
 15778 | Lair:4   | Found a viscous altar of Jiyva.
 15780 | Lair:4   | Found a staircase to the Slime Pits.
 16702 | Lair:5   | Entered Level 5 of the Lair of Beasts
 16752 | Lair:5   | Reached skill level 5 in Dodging
 17280 | Lair:5   | Identified the +9 short sword "Moxaalap" {freeze, rN+ Will-
                  | Str+6} (Okawaru gifted it to you on level 5 of the Lair of
                  | Beasts)
 17280 | Lair:5   | Received a gift from Okawaru
 17465 | Lair:5   | Identified the +6 short sword "Ubromiah" {speed, *Noise
                  | Int-5 Dex+7}
 17514 | Lair:5   | Found an iron altar of Okawaru.
 19001 | D:12     | Found a gate leading to a gauntlet.
 19006 | Gauntlet | Entered a Gauntlet
 19006 | Gauntlet | Found a transporter.
 19006 | Gauntlet | Found a transporter.
 19006 | Gauntlet | Found a transporter.
 19008 | Gauntlet | Found a transporter.
 19010 | Gauntlet | Found a transporter.
 19022 | Gauntlet | Found a transporter.
 19089 | Gauntlet | Found a transporter.
 19103 | Gauntlet | Found a transporter.
 19114 | Gauntlet | Found a transporter.
 19130 | Gauntlet | Found a transporter.
 19140 | Gauntlet | Found a transporter.
 19146 | Gauntlet | Found a transporter.
 19342 | Gauntlet | Identified the staff of air "Rura" {rElec rPois rF+++ Int-2
                  | Stlth-}
 19437 | Gauntlet | Got Godeucan's Compilation of Embers and Exhumation
 19630 | D:12     | Reached skill level 1 in Throwing
 20277 | D:13     | Noticed Nessos
 21024 | D:13     | Killed Nessos
 21492 | D:14     | Reached XP level 16. HP: 153/157 MP: 21/21
 21678 | D:14     | Found a transporter.
 21679 | D:14     | Found a corrupted altar of Lugonu.
 21814 | D:14     | Found a gate to the Vaults.
 21842 | D:14     | Noticed Ricoe's ghost (journeyman FoFi)
 21845 | D:14     | Found a runed translucent gate.
 21845 | D:14     | Found a runed translucent gate.
 21893 | D:14     | Found a runed translucent gate.
 21944 | D:14     | Killed Ricoe's ghost
 22133 | D:14     | Found a transporter.
 22136 | D:14     | Noticed Agnes
 22164 | D:14     | Killed Agnes
 22301 | D:14     | Received a gift from Okawaru
 22332 | D:14     | Identified the +7 trident of Deustol {elec, rN++ Stlth+}
 22343 | D:14     | Identified the amulet of Red Wine {Acrobat rElec}
 22737 | D:15     | Entered Level 15 of the Dungeon
 22820 | D:15     | Identified the +6 eveningstar "Raphist" {spect, Int+3
                  | Stlth+} (Okawaru gifted it to you on level 15 of the
                  | Dungeon)
 22820 | D:15     | Received a gift from Okawaru
 22923 | D:15     | Found a staircase to the Depths.
 22948 | D:15     | Reached skill level 15 in Fighting
 22952 | D:15     | Noticed Louise
 22961 | Abyss:3  | Found a corrupted altar of Lugonu.
 22961 | Abyss:3  | Found a corrupted altar of Lugonu.
 22961 | Abyss:3  | Cast into level 3 of the Abyss (Louise)
 23085 | Abyss:3  | Noticed a tentacled starspawn
 23087 | Abyss:3  | Reached skill level 5 in Throwing
 23100 | Abyss:3  | Found a corrupted altar of Lugonu.
 23226 | Abyss:3  | Noticed an Executioner
 23230 | Abyss:3  | Killed an Executioner
 23324 | Abyss:3  | HP: 4/159 [poisoned by a green very ugly thing]
 23325 | Abyss:3  | Succumbed to a green very ugly thing's poison

Illustrated notes

Levels and vault maps discovered:
D:1:      lemuel_arrival_tunnels, layout_basic, serial_shops, shop
D:2:      layout_rooms, hellmonk_ecumenical_altar_lost_god, minivault_5,
          grunt_ministairs_10, kennysheep_generic_room_16
D:3:      layout_basic, hangedman_glass_teeth
D:4:      layout_loops_cross, nicolae_dithmenos_the_darkroom,
          minmay_temple_entry_hall, minmay_manual_maat
D:5:      layout_basic, dk_yredelemnul_ordeal, saegor_snake_ambush, uniq_duvessa
D:6:      layout_basic, mainiacjoe_overflow_catwalk,
          nicolae_figureground_sparkle
D:7:      layout_basic, amcnicky_altar_gilded, serial_undead, serial_undead_a,
          serial_undead_b, serial_undead_b, serial_undead_d, uniq_pikel
D:8:      layout_loops_cross, mainiacjoe_overflow_24_doors, lemuel_doored_altar,
          lair_entry_dummy, st_stairs_4, uniq_psyche
D:9:      layout_roguey, kennysheep_little_box,
          nicolae_overflow_hallway_of_the_gods
D:10:     wad_woods_stonehenge, layout_basic, vehumet_crystals, david_orc_3,
          enter_bailey_5
D:11:     layout_grid_maze, nicolae_water_bricks
D:12:     layout_roguey, gauntlet_entry_generic, lemuel_nasty_fountain
D:13:     layout_irregular_city, uniq_nessos
D:14:     gammafunk_corrupted_shrine, layout_rooms, david_vaults_2,
          ebering_ghost_rock_garden, grunt_tough_drop, uniq_agnes
D:15:     gammafunk_depths_entry_grave, layout_irregular_city,
          dk_noncrumbling_3, gammafunk_ghost_hydra_chop, solitary_fountain,
          minmay_misc_feat_iff, uniq_louise, uniq_josephine
Temple:   chequers_temple_sunken
Lair:1:   layout_cave_pods, maelrawn_ghost_gauntlet_escape, grunt_megastairs_4,
          lemuel_fruit_fields, serial_bayou_shore_a, uniq_nergalle
Lair:2:   layout_cave_pods, elwin_shoals_entry_rooms,
          guppyfry_snake_entry_garden, grunt_forest_large_clearings
Lair:3:   layout_regular_city, grunt_megastairs_5, infiniplex_staircase_pool
Lair:4:   layout_cave_pods, minmay_slime_entry_oklob_enclosed,
          lemuel_fruit_fields, grunt_megastairs_1
Lair:5:   evilmike_catoblepas_cave, layout_cave_pods, basic_altar,
          hangedman_lair_generics_rect
Orc:1:    layout_caves, basic_altar, bh_open_orc_temple
Orc:2:    st_orc_mages, layout_caves, portal_ice_cave_entry_ice_simulacra
Abyss:3:  base: D:6, evilmike_abyss_exit_9, grunt_abyss_rune_wretched_hive,
          nicolae_abyss_rune_star_stuff

Skill      XL: |  1  2  3  4  5  6  7  8  9 10 11 12 13 14 15 16 |
---------------+-------------------------------------------------+-----
Maces & Flails | 2 3 4 5 6 7 9 11 12 13 14 15 | 15.7
Fighting       | 3 4 5 6 7 9 11 12 13 14 15 | 15.1
Invocations    | 3 4 5 6 8 9 10 | 10.0
Shields        | 4 5 7 9 10 11 13 14 | 14.1
Armour         | 5 8 9 10 | 10.3
Dodging        | 4 7 8 |  8.2
Throwing       | 3 5 |  5.4

Action                     |  1- 3 |  4- 6 |  7- 9 | 10-12 | 13-15 | 16-18 || total
---------------------------+-------+-------+-------+-------+-------+-------++-------
  Melee: Flail             |   122 |   101 |   405 |   385 |  2118 |   382 ||  3513
         Tailslap          |    10 |     8 |    53 |    59 |   388 |    90 ||   608
         Broad axe         |       |       |       |       |    62 |     2 ||    64
         Eveningstar       |       |       |       |       |       |   142 ||   142
 Invoke: Heroism           |       |     1 |     4 |     6 |    26 |     6 ||    43
         Finesse           |       |       |       |       |     5 |     1 ||     6
  Evoke: Wand              |       |       |     6 |       |       |       ||     6
    Use: Potion            |       |     1 |     1 |     2 |     7 |     3 ||    14
         Scroll            |       |       |    14 |    11 |    10 |     1 ||    36
   Stab: Confused          |       |       |       |     1 |       |       ||     1
         Invisible         |       |       |       |       |    17 |     7 ||    24
         Distracted        |       |       |       |       |       |     2 ||     2
 Armour: Scale mail        |    46 |       |       |       |       |       ||    46
         Chain mail        |    10 |    35 |   188 |   220 |  1363 |   232 ||  2048
         Skin              |       |    15 |       |       |       |       ||    15
  Dodge: Dodged            |    39 |    23 |   107 |   114 |   786 |   114 ||  1183
  Block: Buckler           |    25 |    16 |    77 |   155 |    30 |       ||   303
         Kite shield       |       |       |       |       |  1413 |   234 ||  1647

Table legend: (Time is in decaauts)
 A = Elapsed time spent in this place.
 B = Non-inter-level travel time spent in this place.
 C = Inter-level travel time spent in this place.
 D = Time resting spent in this place.
 E = Time spent auto-exploring this place.
 F = Levels seen in this place.
 G = Mean time per level.
                   A        B        C        D        E       F      G
               +--------+--------+--------+--------+--------+-----+--------+
         Total |  22708 |  21918 |    790 |   1739 |  14195 |  27 |  841.0 |
       Dungeon |  12619 |  12122 |    497 |    863 |   8212 |  15 |  841.3 |
        Temple |     41 |     22 |     19 |      0 |      0 |   1 |   41.0 |
          Lair |   6650 |   6413 |    237 |    437 |   4634 |   5 | 1330.0 |
  Orcish Mines |   1574 |   1537 |     37 |    185 |    743 |   2 |  787.0 |
         Abyss |    354 |    354 |      0 |    120 |     66 |   1 |  354.0 |
        Bailey |    589 |    589 |      0 |     58 |    268 |   1 |  589.0 |
      Ice Cave |    399 |    399 |      0 |     56 |     87 |   1 |  399.0 |
      Gauntlet |    479 |    479 |      0 |     19 |    185 |   1 |  479.0 |
               +--------+--------+--------+--------+--------+-----+--------+

Top non-repeatable levels by time:
  Lair:5: 1978 daAuts
  Lair:1: 1426 daAuts
    D:14: 1260 daAuts
  Lair:4: 1183 daAuts
    D:10: 1161 daAuts
  Lair:2: 1155 daAuts
    D:11: 1052 daAuts
    D:13: 1015 daAuts
     D:8: 991 daAuts
     D:5: 962 daAuts
  Lair:3: 906 daAuts
   Orc:1: 874 daAuts
    D:12: 861 daAuts
     D:3: 784 daAuts
     D:7: 783 daAuts
